 Dungeon Crawl Stone Soup version 0.30-a0-50-gb2d611f6b1 (webtiles) character file.

Game seed: 229077947091572914

224454 jlumianski the End of an Era (level 18, 0/213 HPs)
             Began as a Demonspawn Gladiator on Sept 4, 2022.
             Was the Champion of Qazlal.
             Slain by the 27-headed Lernaean hydra (7 damage)
             ... on level 3 of the Swamp.
             The game lasted 03:26:33 (35117 turns).

jlumianski the End of an Era (DsGl)                Turns: 35117, Time: 03:26:34

Health: 0/213      AC: 33    Str: 20    XL:     18   Next: 59%
Magic:  0/30       EV:  9    Int: 10    God:    Qazlal [******]
Gold:   1647       SH:  8    Dex: 17    Spells: 17/17 levels left

rFire   + + +      SeeInvis .    i - +1 battleaxe (flame)
rCold   . . .      Faith    .    (shield currently unavailable)
rNeg    + . .      Spirit   +    r - +3 plate armour {rF+}
rPois   +          Reflect  .    m - +2 helmet
rElec   .          Harm     .    t - +2 cloak {rF+}
rCorr   .          Rampage  .    (gloves unavailable)
Will    ++...                    F - +2 pair of boots of Fashionability {rF+ Regen+}
Stlth   ..........               R - amulet of guardian spirit
HPRegen 1.25/turn                Q - ring of poison resistance
MPRegen 0.22/turn                C - ring of Satyriasis {rN+ Will+ Slay+4}

@: berserking, protected from physical damage, repel missiles, very quick
A: demonic guardian 2, spiny 2, sharp scales 1, demonic touch 3
}: 1/15 runes: serpentine
a: Renounce Religion, Upheaval, Elemental Force, Disaster Area


You were on level 3 of the Swamp.
You worshipped Qazlal.
Qazlal was exalted by your worship.
You visited 6 branches of the dungeon, and saw 31 of its levels.
You also visited: Ice Cave and Volcano.

You collected 3365 gold pieces.
You spent 1718 gold pieces at shops.

Inventory:

Hand Weapons
 a - a +3 spectral war axe
 i - a +1 battleaxe of flaming (weapon)
 M - the +7 arbalest of Suluibix {penet, rF+ MP+9 Dex+6}
   (You found it on level 4 of the Dungeon)

   Any ammunition fired by it passes through the targets it hits, potentially
   hitting all targets in its path until it reaches maximum range.
   Dex:       It affects your dexterity (+6).
   rF:        It protects you from fire.
   MP:        It affects your magic capacity (+9).
Missiles
 d - 4 throwing nets
 v - 16 boomerangs
 A - 3 atropa-tipped darts (quivered)
 N - 6 silver boomerangs
 T - 6 poisoned darts
Armour
 m - a +2 helmet (worn)
 p - a scarf of resistance
 r - a +3 plate armour of fire resistance (worn)
 t - a +2 cloak of fire resistance (worn)
 u - a scarf of shadows
 F - the +2 pair of boots of Fashionability (worn) {rF+ Regen+}
   (You found it on level 5 of the Dungeon)

   rF:        It protects you from fire.
   Regen:     It increases your rate of health regeneration.
 G - a +2 pair of gloves
Jewellery
 b - a ring of flight
 y - a ring of magical power
 B - the ring of the Townfolk {Ice *Corrode rN+ Str+4}
   (You found it in an ice cave)

   [ring of ice]

   It enhances your ice magic.
   Str:       It affects your strength (+4).
   rF:        It makes you vulnerable to fire.
   rC:        It protects you from cold.
   rN:        It protects you from negative energy.
   *Corrode:  It may corrode you when you take damage.
 C - the ring of Satyriasis (right hand) {rN+ Will+ Slay+4}
   (You found it in an ice cave)

   [ring of slaying]

   Slay:      It affects your accuracy & damage with ranged weapons and melee
   (+4).
   rN:        It protects you from negative energy.
   Will:      It increases your willpower.
 E - a ring of willpower
 P - a ring of resist corrosion
 Q - a ring of poison resistance (left hand)
 R - an amulet of guardian spirit (around neck)
 U - an amulet of regeneration
 X - an amulet of magic regeneration
Wands
 c - a wand of digging (11)
 j - a wand of polymorph (8)
 n - a wand of flame (41)
 H - a wand of quicksilver (26)
 I - a wand of charming (10)
 S - a wand of mindburst (25)
 V - a wand of roots (31)
Scrolls
 g - 6 scrolls of fog
 h - 4 scrolls of magic mapping
 k - 10 scrolls of teleportation
 l - a scroll of fear
 o - a scroll of summoning
 q - a scroll of enchant armour
 x - a scroll of immolation
 z - 4 scrolls of poison
Potions
 f - 4 potions of invisibility
 s - a potion of resistance
 w - 8 potions of haste
 D - 6 potions of might
 J - 13 potions of curing
 K - a potion of flight
 L - 2 potions of berserk rage
 O - a potion of mutation
 W - 2 potions of cancellation
Miscellaneous
 e - a condenser vane
 Z - a lightning rod (4/4)


   Skills:
 + Level 12.6 Fighting
 - Level 16.0 Axes
 + Level 9.1 Ranged Weapons
 + Level 3.4 Throwing
 + Level 12.5 Armour
 + Level 4.4 Dodging
 + Level 6.7 Stealth
 + Level 8.1 Shields
 * Level 17.9 Invocations
 - Level 13.4 Evocations


You had 17 spell levels left.
You didn't know any spells.
Your spell library contained the following spells:

 Spells                   Type           Power      Damage    Failure   Level
 Foxfire                  Conj/Fire      0%         2x1d4     99%         1
 Sandblast                Erth           0%         2d4       99%         1
 Summon Small Mammal      Summ           0%         N/A       99%         1
 Ensorcelled Hibernation  Hex/Ice        0%         N/A       100%        2
 Passwall                 Tmut/Erth      0%         N/A       100%        2
 Poisonous Vapours        Pois/Air       0%         N/A       100%        2
 Call Canine Familiar     Summ           0%         N/A       100%        3
 Conjure Flame            Conj/Fire      0%         6-21      100%        3
 Dazzling Flash           Conj/Hex       0%         N/A       100%        3
 Frozen Ramparts          Ice            0%         1d1       100%        3
 Gell's Gravitas          Tloc           0%         N/A       100%        3
 Ignite Poison            Fire/Tmut/Pois 0%         N/A       100%        3
 Inner Flame              Hex/Fire       0%         N/A       100%        3
 Lesser Beckoning         Tloc           0%         N/A       100%        3
 Stone Arrow              Conj/Erth      0%         3d7       100%        3
 Summon Guardian Golem    Hex/Summ       0%         N/A       100%        3
 Swiftness                Air            0%         N/A       100%        3
 Teleport Other           Tloc           0%         N/A       100%        3
 Tukima's Dance           Hex            0%         N/A       100%        3
 Anguish                  Hex/Necr       0%         N/A       100%        4
 Animate Armour           Summ/Erth      0%         N/A       100%        4
 Cause Fear               Hex            0%         N/A       100%        4
 Corpse Rot               Necr/Pois/Air  0%         N/A       100%        4
 Flame Wave               Conj/Fire      0%         2d4       100%        4
 Fulminant Prism          Conj/Hex       0%         3d6       100%        4
 Ice Form                 Ice/Tmut       0%         N/A       100%        4
 Iskenderun's Mystic Bla  Conj/Tloc      0%         2d3       100%        4
 Passage of Golubria      Tloc           0%         N/A       100%        4
 Sticky Flame             Conj/Fire      0%         2d3       100%        4
 Summon Lightning Spire   Summ/Air       0%         N/A       100%        4
 Agony                    Necr           0%         N/A       100%        5
 Fireball                 Conj/Fire      0%         3d3       100%        5
 Freezing Cloud           Conj/Ice/Air   0%         6-21      100%        5
 Iskenderun's Battlesphe  Conj           0%         2d6       100%        5
 Lee's Rapid Deconstruct  Erth           0%         3d5*      100%        5
 Silence                  Hex/Air        0%         N/A       100%        5
 Yara's Violent Unravell  Hex/Tmut       0%         3d3       100%        5
 Conjure Ball Lightning   Conj/Air       0%         3x3d6     100%        6
 Statue Form              Tmut/Erth      0%         N/A       100%        6
 Enfeeble                 Hex            0%         N/A       100%        7
 Orb of Destruction       Conj           0%         9d5       100%        7
 Storm Form               Tmut/Air       0%         N/A       100%        7
 Discord                  Hex            0%         N/A       100%        8
 Disjunction              Tloc           0%         N/A       100%        8
 Lehudib's Crystal Spear  Conj/Erth      0%         10d2      100%        8
 Maxwell's Capacitive Co  Air            0%         ∞         100%        8


Dungeon Overview and Level Annotations

Branches:
Dungeon (15/15)            Temple (1/1) D:6            Lair (5/5) D:9
  Swamp (4/4) Lair:2        Snake (4/4) Lair:3        Slime (0/5) Lair:5
    Orc (2/2) D:11            Elf (0/3) Orc:2        Vaults (0/5) D:13
 Depths (0/4) D:15          IceCv (visited)         Volcano (visited)

Altars:
Ashenzari
Cheibriados
Fedhas
Gozag
Hepliaklqana
Makhleb
Nemelex Xobeh
Okawaru
Qazlal
Ru
Sif Muna
Trog
Vehumet
Wu Jian
Xom
Yredelemnul

Shops:
D:7 (   D:8 !   Orc:2 **[[

Portals:
Hell: Lair:5

Annotations:
Swamp:3 Lernaean hydra


Innate Abilities, Weirdness & Mutations

A demonic guardian rushes to your aid.
You are mostly covered in sharp spines.
You are partially covered in razor-sharp scales. (AC +1, Slay +1)
Your touch may irresistibly damage your foes and sap their willpower.


Message History

You block the 27-headed Lernaean hydra's attack.
The 27-headed Lernaean hydra bites you but does no damage.
The 27-headed Lernaean hydra barely misses you. x2
The 27-headed Lernaean hydra bites you but does no damage. x3
The 27-headed Lernaean hydra barely misses you.
The 27-headed Lernaean hydra bites you.
* * * LOW HITPOINT WARNING * * *
The 27-headed Lernaean hydra bites you but does no damage.
The 27-headed Lernaean hydra bites you!
* * * LOW HITPOINT WARNING * * *
The 27-headed Lernaean hydra barely misses you.
The 27-headed Lernaean hydra bites you but does no damage. x5
The 27-headed Lernaean hydra completely misses you.
The 27-headed Lernaean hydra bites you but does no damage. x5
You block the 27-headed Lernaean hydra's attack.
The 27-headed Lernaean hydra misses you.
The 27-headed Lernaean hydra barely misses you.
The 27-headed Lernaean hydra bites you but does no damage.
A red film seems to cover your vision as you go berserk!
You feel yourself moving faster!
You feel mighty!
The 27-headed Lernaean hydra is engulfed in freezing vapours.
The 27-headed Lernaean hydra is struck by your spines.
The 27-headed Lernaean hydra bites you.
* * * LOW HITPOINT WARNING * * *
A demonic guardian appears!
You feel more protected from physical attacks.
The 27-headed Lernaean hydra bites you but does no damage.
The 27-headed Lernaean hydra bites you!
* * * LOW HITPOINT WARNING * * *
The 27-headed Lernaean hydra barely misses you.
The 27-headed Lernaean hydra bites you but does no damage.
You block the 27-headed Lernaean hydra's attack.
The 27-headed Lernaean hydra bites you but does no damage. x4
The 27-headed Lernaean hydra barely misses you.
The 27-headed Lernaean hydra bites you but does no damage. x5
You block the 27-headed Lernaean hydra's attack. x2
The 27-headed Lernaean hydra bites you but does no damage.
The 27-headed Lernaean hydra barely misses you.
The 27-headed Lernaean hydra bites you!
You die...

♣♣...♣♣ ♣♣.~~.~....~~.§~
♣.....♣ ♣.[~§§)~~.......
♣♣.♣.♣.♣♣ ♣~~~.~~~♣.....~~
♣.......♣ ♣~~~~~.§..~.♣~.~
♣.♣♣.♣♣.♣ ♣.~~...~♣.~§.~.~
♣.♣...♣.♣ ♣.~.~~.~~~.~.~~.
♣.......♣ ♣.~~§~~~.~...~~~
♣.♣...♣.♣♣♣.~~~~.~.~~~~~~~
♣.♣♣.♣♣.♣@D(♣.~.....~~♣.~~
♣.......♣3~§~.♣♣♣..~~~~.~~
♣♣.♣.♣.♣♣♣~..♣♣ ♣♣<.~~~~†~
♣.....♣...♣♣♣ ♣♣~~~÷>.~
♣♣...♣♣.[♣♣ ♣♣..~§[~
♣...♣..♣.♣ ♣♣♣..~~
♣♣.~....♣♣ ♣♣♣~. ♣...♣..♣♣
♣.~ ♣♣~♣♣.♣♣ ♣.~


You could see the 27-headed Lernaean hydra (ally target) and a friendly sixfirhy
(summoned).

Vanquished Creatures
  Jorgrun (Snake:1)
  Frances (Snake:1)
  Roxanne (D:15)
  5 nagarajas
  Kirke (D:12)
  A rockslime (IceCv)
  3 azure jellies (IceCv)
  Louise (Snake:1)
  4 orc warlords
  5 quicksilver oozes (IceCv)
  7 eleionomae
  The ghost of Xiutytse the Covert, a journeyman GnDe of Gozag (Lair:3)
  4 bunyips
  An ettin (D:14)
  Josephine (Swamp:1)
  4 shambling mangroves
  7 vault guards
  2 salamander tyrants
  Harold (Lair:1)
  24 hydras
  4 boulder beetles
  2 catoblepae
  3 centaur warriors
  4 two-headed ogres
  18 naga warriors
  5 alligators
  7 anacondas
  6 death yaks
  A tengu warrior (D:15)
  An orc high priest (Orc:2)
  10 naga sharpshooters
  Urug (Orc:1)
  5 shock serpents
  A fire crab (Lair:5)
  2 salamander mystics (Snake:2)
  A sixfirhy (Lair:5)
  8 goliath frogs
  4 spriggan druids
  2 orange crystal statues (IceCv)
  5 naga ritualists (Snake:4)
  3 bog bodies
  3 lindwurms
  2 wizards
  6 swamp dragons
  5 orc knights
  4 deep elf pyromancers
  4 will-o-the-wisps
  5 orc sorcerers
  8 mana vipers
  16 ugly things
  5 cyclopes
  15 salamanders
  3 manticores
  An elephant (Lair:5)
  34 black mambas
  21 naga magi
  A black mamba (shapeshifter) (D:12)
  2 molten gargoyles (Volcano)
  4 guardian serpents
  4 torpor snails (Lair:3)
  3 gargoyles
  3 orange demons (Lair:5)
  21 cane toads
  Maggie (Lair:1)
  3 efreet
  2 unseen horrors
  3 kobold demonologists
  6 rime drakes
  4 komodo dragons
  An anaconda simulacrum (Swamp:2)
  A freezing wraith (D:14)
  A red devil (Lair:5)
  A bloated husk (Swamp:1)
  A hellwing (Lair:5)
  5 meliai
  An ice devil (Lair:5)
  23 trolls
  A polar bear (Lair:5)
  19 hornets
  2 trolls (shapeshifter) (D:13)
  6 saltlings
  18 blink frogs
  7 slime creatures
  11 tyrant leeches
  9 spriggans
  2 dire elephant simulacra (Swamp:2)
  7 wraiths
  43 yaks
  6 fire elementals (Volcano)
  5 wyverns
  3 basilisks
  3 hogs (D:12)
  A steam dragon (D:8)
  15 vampire mosquitoes
  Menkaure (D:5)
  12 swamp worms
  19 wargs
  A harpy simulacrum (Swamp:2)
  30 nagas
  7 water moccasins
  5 acid dragons
  6 hell hounds
  Edmund (D:3)
  10 swamp drakes
  2 sky beasts
  6 black bears
  An alligator simulacrum (Swamp:2)
  27 orc warriors
  2 ice beasts (D:6)
  5 great orb of eyes simulacra (IceCv)
  14 ogres
  9 centaurs
  4 wolves (Lair:5)
  A phantom (D:5)
  2 slime creature simulacra (IceCv)
  5 kobold brigands
  17 bullfrogs
  5 scorpions
  A gnoll sergeant (D:11)
  A deep troll simulacrum (Swamp:2)
  4 earth elementals (Volcano)
  6 glowing shapeshifter simulacra (IceCv)
  A hornet simulacrum (D:14)
  5 wights
  4 killer bees (D:8)
  2 lindwurm simulacra (Swamp:2)
  6 howler monkeys
  A jelly (D:5)
  31 orc priests
  4 hounds
  7 gnoll boudas
  2 lightning spires (Swamp:1)
  22 orc wizards
  5 iguanas
  A mummy (D:4)
  Robin (D:2)
  13 gnolls
  8 adders
  A shadow imp (D:5)
  5 white imps
  4 ufetubi
  4 worms
  2 dart slugs
  82 orcs
  A bat (D:1)
  7 endoplasms
  3 giant cockroaches
  10 goblins
  8 hobgoblins
  15 kobolds
  A quokka (D:5)
  A ball python (D:2)
  A frilled lizard (D:3)
  2 hobgoblin zombies (D:4)
  2 kobold zombies (D:4)
  2 rats
  A ball lightning (Swamp:1)
  3 briar patches (Swamp:4)
  A fire vortex (Volcano)
  20 pillars of salt (Orc:2)
1042 creatures vanquished.

Vanquished Creatures (collateral kills)
  Snorg (Lair:4)
  2 hydras (Lair:5)
  A vault guard (D:13)
  A tengu warrior (D:15)
  2 naga sharpshooters
  4 death yaks (Lair:5)
  A hell knight (D:15)
  A naga ritualist (Snake:4)
  A goliath frog (Swamp:2)
  An orc knight (Orc:2)
  An orc sorcerer (Orc:2)
  A salamander (Snake:3)
  3 black mambas
  A guardian serpent (Snake:4)
  2 naga magi
  A meliai (D:13)
  A troll (Orc:1)
  A hornet (Swamp:2)
  A blink frog (Lair:2)
  3 yaks (Lair:5)
  A spriggan (Swamp:2)
  A naga (Snake:2)
  3 water moccasins
  3 black bears (Lair:2)
  2 adders (D:2)
  An orc (D:11)
  2 goblins
43 creatures vanquished.

Vanquished Creatures (others)
  Erolcha (D:9)
  A wizard (D:15)
  A will-o-the-wisp (Swamp:3)
  6 bloated husks
  A hornet (Swamp:3)
  A tyrant leech (Swamp:3)
  A spriggan (Swamp:3)
  A water moccasin (Lair:1)
  An orc wizard (Orc:2)
  A ball lightning (Swamp:1)
  5 briar patches (Swamp:4)
  A fire vortex (Volcano)
  27 foxfires
  16 fungi
  A pillar of salt (Orc:2)
  26 plants
91 creatures vanquished.

Grand Total: 1176 creatures vanquished

Notes
Turn   | Place    | Note
-------+----------+-------------------------------------------
     0 | D:1      | jlumianski the Demonspawn Gladiator began the quest for the
                  | Orb.
     0 | D:1      | Reached XP level 1. HP: 16/16 MP: 1/1
   603 | D:2      | Gained mutation: A weak demonic guardian rushes to your
                  | aid. [demonic ancestry]
   603 | D:2      | Reached XP level 2. HP: 19/22 MP: 2/2
   657 | D:2      | Gained mutation: Your touch may inflict minor irresistible
                  | damage on your foes. [demonic ancestry]
   657 | D:2      | Reached XP level 3. HP: 15/27 MP: 3/3
  1717 | D:2      | Found a faded altar of an unknown god.
  2031 | D:3      | Reached XP level 4. HP: 34/34 MP: 4/4
  2034 | D:3      | Noticed Robin
  2035 | D:3      | Reached skill level 1 in Armour
  2436 | D:2      | Killed Robin
  2828 | D:3      | Reached skill level 1 in Stealth
  3249 | D:4      | Noticed a scorpion
  3374 | D:4      | Noticed Edmund
  3732 | D:3      | Killed Edmund
  3733 | D:3      | Reached XP level 5. HP: 21/39 MP: 5/5
  3981 | D:4      | Gained mutation: You are partially covered in razor-sharp
                  | scales. (AC +1, Slay +1) [demonic ancestry]
  3981 | D:4      | Reached XP level 6. HP: 20/46 MP: 6/6
  4276 | D:5      | Entered Level 5 of the Dungeon
  4387 | D:5      | Found a radiant altar of Vehumet.
  4388 | D:5      | Found a sparkling altar of Nemelex Xobeh.
  4402 | D:5      | Reached skill level 5 in Axes
  4415 | D:5      | Identified the +2 pair of boots of Fashionability {rF+
                  | Regen+}
  4711 | D:5      | Reached XP level 7. HP: 52/52 MP: 7/7
  5148 | D:4      | Identified the +7 arbalest of Suluibix {penet, rF+ MP+9
                  | Dex+6}
  5428 | D:4      | Reached XP level 8. HP: 58/58 MP: 8/8
  5491 | D:4      | Found a shimmering blue altar of Sif Muna.
  5496 | D:4      | Found an iron altar of Okawaru.
  6066 | D:5      | Reached skill level 1 in Ranged Weapons
  6151 | D:6      | Noticed a troll
  6171 | D:5      | Killed a troll
  6594 | D:6      | Found a staircase to the Ecumenical Temple.
  6607 | Temple   | Entered the Ecumenical Temple
  6638 | Temple   | Became a worshipper of Qazlal Stormbringer
  6726 | D:6      | Noticed Menkaure
  6739 | D:5      | Killed Menkaure
  6740 | D:5      | Gained mutation: You are partially covered in sharp spines.
                  | [demonic ancestry]
  6740 | D:5      | Reached XP level 9. HP: 51/66 MP: 9/9
  7267 | D:7      | Paralysed by a hornet for 3 turns
  7273 | D:7      | HP: 1/66 [orc priest/divine providence (12)]
  7543 | D:6      | Reached skill level 5 in Fighting
  7576 | D:7      | Reached skill level 1 in Evocations
  7615 | D:7      | Reached skill level 5 in Armour
  7615 | D:7      | Reached skill level 1 in Invocations
  7942 | D:7      | Reached skill level 2 in Invocations
  7949 | D:7      | Reached skill level 3 in Invocations
  8115 | D:8      | Reached * piety under Qazlal
  8117 | D:8      | Reached XP level 10. HP: 67/76 MP: 12/12
  8121 | D:8      | Reached skill level 5 in Ranged Weapons
  8309 | D:7      | Found Evoweni's Weapon Shoppe.
  8716 | D:8      | Noticed a two-headed ogre
  8717 | D:8      | Reached skill level 4 in Invocations
  8722 | D:8      | Killed a two-headed ogre
  8789 | D:8      | Found an ornate altar of the Wu Jian Council.
  9143 | D:8      | Reached skill level 5 in Invocations
  9315 | D:8      | Found Avesk's Distillery.
  9362 | D:8      | Bought a potion of heal wounds for 60 gold pieces
  9362 | D:8      | Bought a potion of heal wounds for 60 gold pieces
  9362 | D:8      | Bought 2 potions of mutation for 192 gold pieces
  9362 | D:8      | Bought a potion of curing for 36 gold pieces
  9469 | D:8      | Found a transporter.
  9512 | D:8      | Found a transporter.
  9542 | D:8      | Reached ** piety under Qazlal
  9914 | D:9      | Noticed Erolcha
  9922 | D:9      | Killed Erolcha
  9923 | D:9      | Reached skill level 5 in Evocations
 10012 | D:10     | Entered Level 10 of the Dungeon
 10255 | D:9      | Found a staircase to the Lair.
 10381 | D:9      | Reached skill level 6 in Invocations
 10381 | D:9      | Gained mutation: A demonic guardian rushes to your aid.
                  | [demonic ancestry]
 10381 | D:9      | Reached XP level 11. HP: 83/83 MP: 15/15
 10736 | D:9      | Reached *** piety under Qazlal
 11199 | D:10     | Reached skill level 7 in Invocations
 11816 | D:10     | Noticed a two-headed ogre
 11816 | D:10     | Noticed an orc knight
 11816 | D:10     | Noticed a two-headed ogre
 11981 | D:10     | Killed an orc knight
 12406 | D:11     | Found a staircase to the Orcish Mines.
 12492 | D:10     | Killed a two-headed ogre
 12493 | D:10     | Reached skill level 8 in Invocations
 12621 | D:10     | Reached **** piety under Qazlal
 12668 | D:10     | Reached XP level 12. HP: 90/91 MP: 1/18
 12740 | D:10     | Reached skill level 1 in Shields
 12953 | D:10     | Killed a two-headed ogre
 12954 | D:10     | Reached skill level 9 in Invocations
 13567 | D:11     | Identified the +11 rapier of Kindness {drain, Dex+4}
 14045 | D:12     | Noticed an eight-headed hydra
 14054 | D:12     | Noticed a boulder beetle
 14055 | D:12     | Killed a six-headed hydra
 14152 | D:12     | Killed a boulder beetle
 14277 | D:12     | Reached ***** piety under Qazlal
 14317 | D:12     | Noticed Kirke
 14324 | D:12     | Killed Kirke
 14325 | D:12     | Reached skill level 10 in Invocations
 14478 | D:13     | Reached skill level 10 in Axes
 14901 | D:13     | Noticed a catoblepas
 14977 | D:13     | Noticed a vault guard
 14983 | D:12     | Killed a vault guard
 14984 | D:12     | Reached XP level 13. HP: 94/98 MP: 18/20
 15113 | Lair:1   | Entered Level 1 of the Lair of Beasts
 15114 | Lair:1   | Noticed Harold
 15146 | Lair:1   | Killed Harold
 15404 | D:13     | Reached skill level 11 in Invocations
 15479 | D:13     | Found a gate to the Vaults.
 16320 | D:15     | Entered Level 15 of the Dungeon
 16358 | D:15     | Reached skill level 12 in Invocations
 17160 | D:15     | Reached XP level 14. HP: 50/106 MP: 10/23
 17595 | D:15     | Identified Roxanne's Quarto of the Caves
 17595 | D:15     | Noticed Roxanne
 17614 | D:15     | Killed Roxanne
 17767 | D:15     | Found a staircase to the Depths.
 18678 | Orc:1    | Entered Level 1 of the Orcish Mines
 18766 | Orc:1    | Noticed an orc warlord
 18912 | D:11     | Killed an orc warlord
 19041 | Orc:1    | Noticed an orc warlord
 19061 | D:11     | Killed an orc warlord
 19062 | D:11     | Reached skill level 5 in Stealth
 19240 | Orc:1    | Noticed Urug
 19243 | Orc:1    | Noticed an orc warlord
 19261 | Orc:1    | Killed Urug
 19442 | D:11     | Killed an orc warlord
 19921 | Orc:2    | Entered Level 2 of the Orcish Mines
 20233 | Orc:2    | Reached skill level 13 in Invocations
 20244 | Orc:2    | Found a staircase to the Elven Halls.
 20526 | Orc:2    | Found Jeifu's Antique Armour Boutique.
 20560 | Orc:2    | Reached ****** piety under Qazlal
 20561 | Orc:2    | Found Mizypoal's Assorted Antiques.
 20568 | Orc:2    | Found Fec Fieh's Armour Shop.
 20572 | Orc:2    | Noticed an orc warlord
 20615 | Orc:2    | Killed an orc warlord
 20616 | Orc:2    | Reached skill level 10 in Evocations
 20719 | Orc:2    | Found Ciwan's Assorted Antiques.
 21296 | Orc:2    | Bought a transparent helmet for 304 gold pieces
 21296 | Orc:2    | Identified the +1 helmet of Jumyafupn {rF+ MP+9 Str-5
                  | Int+4} (You bought it in a shop on level 2 of the Orcish
                  | Mines)
 21298 | Orc:2    | Bought a pitted plate armour for 896 gold pieces
 21298 | Orc:2    | Identified the +0 plate armour "Doeffony" {Str+4} (You
                  | bought it in a shop on level 2 of the Orcish Mines)
 21353 | Orc:2    | Bought a notched agate ring for 170 gold pieces
 21556 | Lair:1   | Noticed Maggie
 21570 | Lair:1   | Killed Maggie
 21571 | Lair:1   | Gained mutation: You are mostly covered in sharp spines.
                  | [demonic ancestry]
 21571 | Lair:1   | Reached XP level 15. HP: 114/115 MP: 21/25
 22251 | Lair:2   | Found a dark tunnel.
 22298 | Volcano  | Entered a volcano
 22827 | Lair:2   | Found a staircase to the Swamp.
 22929 | Lair:2   | Reached skill level 10 in Fighting
 23132 | Lair:3   | Found a staircase to the Snake Pit.
 23133 | Lair:3   | Noticed Xiutytse's ghost (journeyman GnDe)
 23170 | Lair:3   | Found a runed translucent gate.
 23170 | Lair:3   | Found a runed translucent gate.
 23183 | Lair:3   | Found a runed translucent gate.
 23250 | Lair:3   | Reached skill level 10 in Armour
 23944 | Lair:3   | Found a snail-covered altar of Cheibriados.
 24126 | Lair:3   | Killed Xiutytse's ghost
 24135 | Lair:3   | Reached skill level 14 in Invocations
 24277 | Lair:4   | Noticed Snorg
 24282 | Lair:5   | Entered Level 5 of the Lair of Beasts
 24295 | Lair:4   | Killed Snorg
 24908 | Lair:5   | Found a staircase to the Slime Pits.
 25009 | Lair:5   | Reached skill level 5 in Shields
 25258 | Lair:5   | Gained mutation: Your touch may inflict irresistible damage
                  | on your foes. [demonic ancestry]
 25258 | Lair:5   | Reached XP level 16. HP: 105/123 MP: 27/27
 25650 | Lair:5   | Found a burning altar of Makhleb.
 25676 | Lair:5   | Found a gateway to Hell.
 26106 | Snake:1  | Entered Level 1 of the Snake Pit
 26282 | Snake:1  | Noticed Louise
 26304 | Snake:1  | Killed Louise
 26305 | Snake:1  | Reached skill level 15 in Invocations
 26776 | Snake:1  | Noticed Frances
 26781 | Snake:1  | Killed Frances
 27471 | Snake:2  | Noticed Jorgrun
 27539 | Snake:1  | Killed Jorgrun
 28943 | Snake:4  | Entered Level 4 of the Snake Pit
 29221 | Snake:3  | Reached XP level 17. HP: 80/131 MP: 0/28
 29433 | Snake:4  | Reached skill level 16 in Invocations
 29612 | Snake:4  | Reached skill level 15 in Axes
 30390 | Snake:4  | Got a serpentine rune of Zot
 30913 | Swamp:1  | Entered Level 1 of the Swamp
 31165 | Swamp:1  | Noticed Josephine
 31178 | Swamp:1  | Killed Josephine
 32105 | Swamp:2  | Found a frozen archway.
 32119 | Swamp:2  | Reached skill level 17 in Invocations
 32469 | Swamp:2  | Gained mutation: Your touch may irresistibly damage your
                  | foes and sap their willpower. [demonic ancestry]
 32469 | Swamp:2  | Reached XP level 18. HP: 140/140 MP: 10/30
 32508 | IceCv    | Entered an ice cave
 32762 | IceCv    | Got the ring of the Townfolk {Ice *Corrode rN+ Str+4}
 33199 | IceCv    | Found a viscous altar of Jiyva.
 33253 | IceCv    | Got Lypn's Handbook of Congelation
 33254 | IceCv    | Identified the ring of Satyriasis {rN+ Will+ Slay+4}
 34519 | Swamp:4  | Entered Level 4 of the Swamp
 35105 | Swamp:4  | Noticed the 27-headed Lernaean hydra
 35117 | Swamp:3  | HP: 7/213 [the 27-headed Lernaean hydra (10)]
 35117 | Swamp:3  | Slain by the 27-headed Lernaean hydra

Illustrated notes

Levels and vault maps discovered:
D:1:      dpeg_arrival_brainrot, layout_loops_ring, minmay_misc_feat_alley,
          minmay_misc_feat_rugged, grunt_decor_resistance, patterned_corridor
D:2:      layout_rooms, ebering_ecumenical_altar_box, st_stairs_2
D:3:      layout_loops_ring, uniq_robin
D:4:      minmay_inner_zag, layout_loops_ring, mainiacjoe_overflow_big_doors,
          grunt_ministairs_15, minmay_mini_ossuary, uniq_edmund
D:5:      layout_basic, gammafunk_temple_overflow_pools, minmay_misc_feat_room,
          minmay_misc_feat_enclosed, st_stairs_4, grunt_ministairs_14
D:6:      layout_cave_pools, temple_green, uniq_menkaure
D:7:      layout_basic, serial_shops, shop, minmay_increasing_density
D:8:      layout_loops_ring, mainiacjoe_overflow_six_doors_small, serial_shops,
          shop, nicolae_diode_stairs
D:9:      layout_stronghold, erik_lair_orcish_takeover, glass_columns_b,
          uniq_erolcha
D:10:     lemuel_castle_with_subvaults [lemuel_castle_interior_carwin_2],
          layout_irregular_city
D:11:     layout_grid_maze, minmay_orc_entry_temple_small
D:12:     layout_loops_ring, grunt_ministairs_2, serial_bayou_crossing,
          uniq_kirke
D:13:     layout_rooms, erik_vaults_2
D:14:     layout_basic, chequers_hall_statues_y
D:15:     hangedman_depths_entry_civil_slaughter, layout_stronghold,
          amethyst_killhole, serial_glass, glass_columns_c, glass_columns_a,
          uniq_roxanne
Temple:   nicolae_temple_bog_church
Lair:1:   layout_regular_city, beast_lair_carwin_9, grunt_megastairs_3,
          uniq_harold, uniq_maggie
Lair:2:   layout_hall_layers, swamp_mist, nicolae_volcano_entry_vermiform,
          beast_lair_carwin_10, infiniplex_staircase_pool
Lair:3:   layout_chaotic_city, guppyfry_snake_entry_island,
          gammafunk_ghost_split, kennysheep_snail_temple
Lair:4:   layout_roguey, grunt_forest_small_clearing_treed,
          infiniplex_staircase_pool_2, uniq_snorg
Lair:5:   evil_forest, layout_hall_layers, slime_entry_1
Swamp:1:  layout_basic_swamp, evilmike_swamp_ruin_rubble_1, swamp_pool4,
          hangedman_swamp_cone, hangedman_swamp_phenomena, uniq_josephine
Swamp:2:  layout_basic_swamp, portal_ice_cave_entry_ice_simulacra,
          hangedman_swamp_ruin_hall
Swamp:3:  layout_falls_marsh, nicolae_swamp_tree_designs, swamp_pool5
Swamp:4:  swamp_alternative, layout_basic_swamp
Snake:1:  layout_onion_interference, nicolae_triple_integral, uniq_louise,
          uniq_frances
Snake:2:  layout_rooms, library_closet, uniq_jorgrun
Snake:3:  layout_rooms
Snake:4:  snake_pit, layout_chambers
Orc:1:    layout_caves, nicolae_orc_pool_cavern, uniq_urug
Orc:2:    hellmonk_orc_salted, layout_caves, basic_altar, lightli_orcish_oven

Skill      XL: |  1  2  3  4  5  6  7  8  9 10 11 12 13 14 15 16 17 18 |
---------------+-------------------------------------------------------+-----
Axes           | 3 4 5 6 7 8 9 10 11 12 13 14 15 16 | 16.0
Dodging        | 3 4 |  4.4
Armour         | 1 2 3 4 5 6 7 8 9 10 11 12 | 12.5
Stealth        | 1 2 3 4 5 6 |  6.7
Throwing       | 2 3 |  3.4
Fighting       | 3 4 5 6 7 8 9 10 11 12 | 12.6
Ranged Weapons | 3 4 6 7 8 9 |  9.1
Evocations     | 4 5 6 7 8 10 11 12 13 | 13.4
Invocations    | 3 6 8 10 12 13 14 15 17 | 17.9
Shields        | 2 3 4 5 6 7 8 |  8.1

Action                   |  1- 3 |  4- 6 |  7- 9 | 10-12 | 13-15 | 16-18 || total
-------------------------+-------+-------+-------+-------+-------+-------++-------
Melee: War axe           |    60 |   116 |   103 |   211 |   671 |   718 ||  1879
       Touch             |     6 |    18 |    27 |    51 |   140 |   172 ||   414
       Punch             |       |     1 |       |     2 |    11 |    15 ||    29
       Battleaxe         |       |       |       |     4 |    33 |   101 ||   138
 Fire: Arbalest          |       |       |    52 |   143 |    57 |    67 ||   319
Throw: Dart              |       |    11 |    10 |       |     3 |     2 ||    26
       Throwing net      |       |     4 |       |       |       |       ||     4
       Javelin           |       |     1 |       |       |       |       ||     1
Invok: Elemental Force   |       |       |       |       |     5 |     4 ||     9
       Upheaval          |       |       |       |       |     3 |     5 ||     8
Evoke: Wand              |       |       |     1 |       |     3 |     2 ||     6
       Condenser vane    |       |       |       |       |       |     2 ||     2
       Lightning rod     |       |       |       |       |       |     2 ||     2
  Use: Potion            |     1 |     1 |     5 |       |     1 |    10 ||    18
       Scroll            |     4 |     2 |    18 |     7 |     6 |     9 ||    46
 Stab: Held in net/web   |       |     2 |       |       |       |       ||     2
       Invisible         |       |     2 |       |       |     1 |     2 ||     5
       Distracted        |       |       |       |     8 |    19 |    16 ||    43
       Petrified         |       |       |       |       |     2 |       ||     2
       Paralysed         |       |       |       |       |     1 |     3 ||     4
       Confused          |       |       |       |       |       |     1 ||     1
Armor: Leather armour    |     2 |       |       |       |       |       ||     2
       Chain mail        |    55 |    86 |   139 |       |       |       ||   280
       Plate armour      |       |       |    10 |   200 |   490 |   774 ||  1474
Dodge: Dodged            |    24 |    59 |    87 |   102 |   250 |   337 ||   859
       Repelled          |       |       |       |     3 |     8 |    43 ||    54
Block: Other             |       |       |       |    50 |   218 |   349 ||   617

Table legend: (Time is in decaauts)
 A = Elapsed time spent in this place.
 B = Non-inter-level travel time spent in this place.
 C = Inter-level travel time spent in this place.
 D = Time resting spent in this place.
 E = Time spent auto-exploring this place.
 F = Levels seen in this place.
 G = Mean time per level.
                   A        B        C        D        E       F      G
               +--------+--------+--------+--------+--------+-----+--------+
         Total |  35487 |  33871 |   1616 |   3628 |  17839 |  33 | 1075.4 |
       Dungeon |  19478 |  18504 |    974 |   2182 |  10677 |  15 | 1298.5 |
        Temple |     53 |     53 |      0 |      0 |      0 |   1 |   53.0 |
          Lair |   4523 |   4162 |    361 |    110 |   2301 |   5 |  904.6 |
         Swamp |   3260 |   3260 |      0 |    544 |   1238 |   4 |  815.0 |
     Snake Pit |   4664 |   4501 |    163 |    569 |   2095 |   4 | 1166.0 |
  Orcish Mines |   2288 |   2172 |    116 |      7 |   1015 |   2 | 1144.0 |
      Ice Cave |    835 |    835 |      0 |    198 |    369 |   1 |  835.0 |
       Volcano |    382 |    382 |      0 |     18 |    142 |   1 |  382.0 |
               +--------+--------+--------+--------+--------+-----+--------+

Top non-repeatable levels by time:
    D:10: 2057 daAuts
     D:9: 1786 daAuts
    D:11: 1589 daAuts
     D:1: 1403 daAuts
     D:3: 1378 daAuts
     D:7: 1342 daAuts
 Snake:1: 1325 daAuts
 Snake:4: 1310 daAuts
     D:4: 1303 daAuts
 Swamp:2: 1265 daAuts
   Orc:2: 1260 daAuts
    D:14: 1243 daAuts
    D:15: 1227 daAuts
     D:8: 1128 daAuts
     D:2: 1127 daAuts
